 Dungeon Sprint DCSS version 0.28-a0-429-g1448048969 (webtiles) character file.

Game seed: 16441034157021179841

2277 dolemite99 the Cleaver (level 9, -2/87 HPs)
             Began as a Deep Dwarf Fighter on Sept 11, 2021.
             Was a Follower of Makhleb.
             Killed from afar by a crystal guardian (34 damage)
             ... with a crystal bolt
             ... in the Dungeon (Sprint II: "The Violet Keep of Menkaure").
             The game lasted 00:06:46 (962 turns).

dolemite99 the Cleaver (Deep Dwarf Fighter)          Turns: 962, Time: 00:06:46

Health: -2/87      AC:  9    Str: 23    XL:     9   Next: 16%
Magic:  18/18      EV:  9    Int:  7    God:    Makhleb [*.....]
Gold:   601        SH:  0    Dex: 15    Spells: 8/8 levels left

rFire   . . .      SeeInvis .   a - +0 war axe
rCold   . . .      Faith    .   c - +0 buckler
rNeg    . . .      Spirit   .   b - +0 scale mail
rPois   .          Reflect  .   (no helmet)
rElec   .          Harm     .   (no cloak)
rCorr   .          Rampage  .   d - +1 pair of gloves {Dex+3}
Will    +....      NoTele   +   (no boots)
Stlth   ..........              (no amulet)
HPRegen 0.00/turn               (no ring)
MPRegen 0.16/turn               (no ring)

@: confused, lethally poisoned (-2 -> -9), slowed, very slow
A: damage resistance, heal wounds, sense surroundings 2, no regeneration, dopey
1, frail 1
a: Heal Wounds, Renounce Religion


You were in the Dungeon.
You worshipped Makhleb.
Makhleb was aware of your devotion.
You visited 1 branch You collected 1053 gold pieces.
You spent 452 gold pieces at shops.

Inventory:

Hand Weapons
 a - a +0 war axe (weapon)
 k - a +0 arbalest
Missiles
 l - 17 bolts
Armour
 b - a +0 scale mail (worn)
 c - a +0 buckler (worn)
 d - a +1 pair of gloves of dexterity (worn)
Scrolls
 f - a scroll of fear
 j - a scroll of blinking
 m - a scroll of identify {@r1}
Potions
 e - a potion of curing
 g - a potion of haste
 h - 2 potions of magic
 i - 2 potions of berserk rage


   Skills:
 - Level 11.3 Fighting
 - Level 14.3 Axes
 + Level 3.2 Armour
 - Level 3.2 Shields
 - Level 13.2 Invocations


You had 8 spell levels left.
You didn't know any spells.
Your spell library was empty.

Dungeon Overview and Level Annotations

Branches:
Dungeon (1/1)

Altars:
Cheibriados
Dithmenos
Elyvilon
Fedhas
Gozag
Hepliaklqana
Kikubaaqudgha
Makhleb
Nemelex Xobeh
Okawaru
Qazlal
Ru
Sif Muna
Trog
Uskayaw
Vehumet
Wu Jian
Xom
Yredelemnul
Zin
The Shining One
Beogh
Jiyva
Lugonu

Shops:
D =:?![==!![?[:(=

Annotations:
D exclusions: ice statue and oklob plant, Roxanne


Innate Abilities, Weirdness & Mutations

You are resistant to damage.
You can heal yourself by infusing magical energy.
You passively map the area around you.
You do not regenerate.
You are dopey. (Int -2)
You are frail. (-10% HP)


Message History

Really walk into a travel-excluded area?
Okay, then.
Really walk into a travel-excluded area?
There is an open door here.
You feel much better.
You feel much better.
Okay, then.
Okay, then.
The death drake breathes miasma at you. The foul vapour engulfs you!
You are poisoned.
You are engulfed in dark miasma.
You are more poisoned.
You feel yourself slow down.
You feel extremely sick. The death drake breathes miasma at you.
The foul vapour engulfs you!!
You are more poisoned.
You feel better.
You are engulfed in dark miasma.
You are poisoned.
You feel as though you will be slow longer.
You feel sick. The death drake closely misses you.
The death drake bites you but does no damage.
The swamp drake breathes poison at you.
The noxious blast engulfs the crystal guardian but does no damage.
The death drake closely misses you.
You closely miss the death drake.
You hit the crystal guardian but do no damage.
You are engulfed in noxious fumes.
You choke on the stench!
You are confused.
The crystal guardian barely misses you. The death drake breathes miasma at you.
The foul vapour misses you.
You are engulfed in dark miasma.
You are more poisoned.
You feel extremely sick. The death drake bites you.
The crystal guardian fires a crystalline bolt at you.
The crystal bolt burns you!!!
You die...

##.#.#..#, #..#..#▓!?!$?:=!▓▓ ,
.'.##'..####..##.#▓$?$??!(:▓▓
##..##....###^..##▓▓▓▓▓▓▓+▓▓▓▓+
###.##..§.§.≈≈≈≈≈≈≈≈≈≈≈≈≈..wXw≈
.####§≈...§§≈#k########+###.w≈≈*
).#≈≈≈≈§≈≈§.§#°°._._._#≈§≈#* ≈
.##≈≈≈≈§§≈≈§§#°°k°○÷_.#§§§§# *
##≈≈≈≈≈§§≈≈≈§#°9k○○_._#S≈§§≈# *
≈≈≈≈≈≈§§§≈≈§≈#_°@○_._.#S§§§§≈ *
+++#≈≈≈§§≈≈≈§#.○○○○_..#≈§≈§§≈ +
S°○##§≈≈###§§#_._._...#≈≈§§§ ,


S°S° #§≈#._._....#≈§≈§ * ≈≈S≈≈+≈≈ #≈≈#.._.....#≈§≈§* ○○°°## ≈≈§≈§≈##########≈§≈≈
,,, ≈ ≈≈≈## #######≈≈≈≈≈≈≈≈≈≈§≈≈* , #### ≈ §.§§###≈########≈▓▓▓*** ≈ §§.≈§##≈#
▓▓ ≈ You could see a death drake, a crystal guardian, 2 swamp drakes and 2 water
moccasins.

Vanquished Creatures
  A merfolk siren (D)
  A yaktaur (D)
  3 polar bears (D)
  A hornet (D)
  4 neqoxecs (D)
  A water moccasin (D)
  4 scorpions (D)
  3 worms (D)
18 creatures vanquished.

Vanquished Creatures (others)
  Menkaure (D)
  A water moccasin (D)
  4 tentacles (D)
6 creatures vanquished.

Grand Total: 24 creatures vanquished

Notes
Turn   | Place    | Note
-------+----------+-------------------------------------------
     0 | D        | dolemite99 the Deep Dwarf Fighter began the quest for the
                  | Orb.
     0 | D        | Reached XP level 1. HP: 20/20 MP: 1/1
     1 | D        | Noticed a merfolk siren
    12 | D        | HP: 1/20 [merfolk siren (8)]
    13 | D        | Killed a merfolk siren
    14 | D        | Reached skill level 14 in Axes
    14 | D        | Reached XP level 2. HP: 1/27 MP: 2/2
    14 | D        | Reached XP level 3. HP: 1/33 MP: 3/3
    14 | D        | Reached XP level 4. HP: 2/40 MP: 4/4
    14 | D        | Reached XP level 5. HP: 2/46 MP: 5/5
    14 | D        | Reached XP level 6. HP: 2/55 MP: 6/6
    80 | D        | Killed Menkaure
   296 | D        | Found Sykyth's Book Shoppe.
   296 | D        | Found Sonkeux's Antique Weapon Shoppe.
   296 | D        | Found Duweenio's Magic Scroll Emporium.
   296 | D        | Found Ahuibyid's Antique Armour Emporium.
   296 | D        | Found Naodal's Distillery.
   296 | D        | Found Datoy's Antique Armour Shoppe.
   297 | D        | Found Acadut's Distillery.
   297 | D        | Found Deint's Jewellery Emporium.
   298 | D        | Found Elof's Jewellery Shoppe.
   298 | D        | Found Guorch's Armour Emporium.
   299 | D        | Found Zuneas's Jewellery Emporium.
   300 | D        | Found Ekaikh's Distillery.
   300 | D        | Found Beat's Magic Scroll Emporium.
   300 | D        | Noticed a water moccasin
   300 | D        | Noticed an oklob plant
   301 | D        | Found Naet's Jewellery Shoppe.
   301 | D        | Found Muxiytag's Book Shoppe.
   306 | D        | Killed a water moccasin
   307 | D        | Reached skill level 5 in Fighting
   307 | D        | Noticed a great orb of eyes
   312 | D        | Killed a water moccasin
   422 | D        | Bought a pair of runed gloves for 180 gold pieces
   429 | D        | Bought a scroll of fear for 38 gold pieces
   431 | D        | Bought a potion of curing for 42 gold pieces
   434 | D        | Bought a potion of might for 56 gold pieces
   434 | D        | Bought a potion of berserk rage for 70 gold pieces
   434 | D        | Bought a potion of lignification for 42 gold pieces
   436 | D        | Bought a scroll of identify for 24 gold pieces
   478 | D        | Reached XP level 7. HP: 50/70 MP: 7/7
   506 | D        | Noticed an ice statue
   520 | D        | Noticed a neqoxec
   525 | D        | Killed a neqoxec
   527 | D        | Noticed a neqoxec
   527 | D        | Noticed a neqoxec
   527 | D        | Noticed a neqoxec
   534 | D        | Killed a neqoxec
   535 | D        | Reached skill level 10 in Fighting
   539 | D        | Gained mutation: You are dopey. (Int -2) [a neqoxec]
   540 | D        | Killed a neqoxec
   541 | D        | Reached XP level 8. HP: 35/88 MP: 8/8
   553 | D        | Gained mutation: You are frail. (-10% HP) [a neqoxec]
   569 | D        | Found a glowing golden altar of the Shining One.
   569 | D        | Found an ornate altar of the Wu Jian Council.
   570 | D        | Found a shimmering altar of Xom.
   570 | D        | Found a sacrificial altar of Ru.
   570 | D        | Found a stormy altar of Qazlal.
   571 | D        | Found a basalt altar of Yredelemnul.
   571 | D        | Found a shimmering blue altar of Sif Muna.
   571 | D        | Found a viscous altar of Jiyva.
   572 | D        | Found a glowing silver altar of Zin.
   572 | D        | Found a bloodstained altar of Trog.
   572 | D        | Found an ancient bone altar of Kikubaaqudgha.
   573 | D        | Found a hide-covered altar of Uskayaw.
   573 | D        | Found a corrupted altar of Lugonu.
   573 | D        | Found a shadowy altar of Dithmenos.
   574 | D        | Found a radiant altar of Vehumet.
   574 | D        | Found a burning altar of Makhleb.
   574 | D        | Found a white marble altar of Elyvilon.
   575 | D        | Found a sparkling altar of Nemelex Xobeh.
   575 | D        | Found a blossoming altar of Fedhas.
   577 | D        | Found an iron altar of Okawaru.
   577 | D        | Found an opulent altar of Gozag.
   577 | D        | Found a hazy altar of Hepliaklqana.
   577 | D        | Found a snail-covered altar of Cheibriados.
   577 | D        | Noticed a hornet
   577 | D        | Noticed a polar bear
   577 | D        | Noticed a polar bear
   578 | D        | Noticed a yaktaur
   578 | D        | Noticed a polar bear
   583 | D        | Became a worshipper of Makhleb the Destroyer
   591 | D        | Killed a polar bear
   592 | D        | Killed a polar bear
   593 | D        | Killed a hornet
   593 | D        | Reached * piety under Makhleb
   594 | D        | Reached skill level 10 in Invocations
   597 | D        | Killed a yaktaur
   598 | D        | Gained mutation: You passively map the area around you.
                  | [Deep Dwarf growth]
   598 | D        | Reached XP level 9. HP: 87/87 MP: 8/18
   600 | D        | Killed a polar bear
   905 | D        | Noticed Roxanne
   928 | D        | Noticed a kraken
   948 | D        | Noticed a death drake
   948 | D        | Noticed a crystal guardian
   962 | D        | Killed from afar by a crystal guardian

Illustrated notes

Levels and vault maps discovered:
D:        the_violet_keep_of_menkaure [sprint2_stairs_cluster_1,
          sprint2_shoproom, sprint2_temple, sprint2_basic_supplies,
          sprint2_obstacle_5, sprint2_obstacle_6, sprint2_obstacle_2,
          sprint2_obstacle_4, sprint2_obstacle_7, sprint2_timed_cluster_1,
          sprint2_smallroom_cluster_1, sprint2_smallroom_final_cluster_1,
          sprint2_transparent_cluster_1, sprint2_second_timed_cluster_1,
          sprint2_sniper_area_1, sprint2_heavy_combat_area_1,
          sprint2_mutation_trap_area_1, sprint2_forest_area_1,
          sprint2_light_combat_area_1, sprint2_behind_water_1,
          sprint2_near_end_vault_1]

Skill      XL: |  1  2  3  4  5  6  7  8  9 |
---------------+----------------------------+-----
Axes           | 14 | 14.3
Fighting       | 6 10 11 | 11.3
Invocations    | 12 13 | 13.2
Armour         | |  3.2
Shields        | |  3.2

Action                   |  1- 3 |  4- 6 |  7- 9 || total
-------------------------+-------+-------+-------++-------
Melee: War axe           |     8 |    21 |    65 ||    94
 Abil: Heal Wounds       |       |     2 |     4 ||     6
  Use: Potion            |     2 |       |     3 ||     5
Armor: Scale mail        |       |     2 |    10 ||    12
       Skin              |       |       |    32 ||    32
Dodge: Dodged            |     2 |     2 |    22 ||    26
Block: Buckler           |       |     1 |     9 ||    10

Table legend: (Time is in decaauts)
 A = Elapsed time spent in this place.
 B = Non-inter-level travel time spent in this place.
 C = Inter-level travel time spent in this place.
 D = Time resting spent in this place.
 E = Time spent auto-exploring this place.
 F = Levels seen in this place.
 G = Mean time per level.
                   A        B        C        D        E       F      G
               +--------+--------+--------+--------+--------+-----+--------+
         Total |    963 |    963 |      0 |    632 |     46 |   1 |  963.0 |
       Dungeon |    963 |    963 |      0 |    632 |     46 |   1 |  963.0 |
               +--------+--------+--------+--------+--------+-----+--------+

Top non-repeatable levels by time:
       D: 963 daAuts
